 Dungeon Crawl Stone Soup version 0.28.0-53-g5a82cb258f (webtiles) character file.

Game seed: 9955372825702895766

2767 Zeld the Summoner (level 9, -2/30 HPs)
             Began as a Felid Summoner on June 6, 2022.
             Was a Priest of Hepliaklqana.
             Slain by an unseen horror (4 damage)
             ... on level 10 of the Dungeon.
             The game lasted 00:32:42 (27399 turns).

Zeld the Summoner (Felid Summoner)                 Turns: 27399, Time: 00:32:42

Health: -2/30      AC:  2    Str:  4    XL:     9   Next: 42%
Magic:  20/24      EV: 39    Int: 21    God:    Hepliaklqana [***...]
Gold:   452        SH:  0    Dex: 17    Spells: 7/28 levels left
                                        Lives:  0   Deaths: 2

rFire   . . .      SeeInvis +   (weapon unavailable)
rCold   . . .      Faith    .   (shield unavailable)
rNeg    . . .      Spirit   .   (armour unavailable)
rPois   .          Reflect  .   (helmet unavailable)
rElec   .          Harm     .   (cloak unavailable)
rCorr   +          Rampage  .   (gloves unavailable)
Will    +....                   (boots unavailable)
Stlth   ++........              j - amulet of the acrobat
HPRegen 0.10/turn               q - ring of resist corrosion
MPRegen 0.19/turn               A - ring of flight

@: acrobatic, flying, quick
A: reduced essence, very small, claws 1, fangs 3, see invisible, speed 1, shaggy
fur 2, stealthy paws, no weapons or thrown items, no armour, multi-lived
a: Renounce Religion, Recall Ancestor, Ancestor Identity, Transference


You were on level 10 of the Dungeon.
You worshipped Hepliaklqana.
Hepliaklqana was most pleased with you.
You visited 2 branches of the dungeon, and saw 11 of its levels.

You collected 452 gold pieces.

Inventory:

Jewellery
 j - an amulet of the acrobat (around neck)
 q - a ring of resist corrosion (left paw)
 A - a ring of flight (right paw)
 D - a ring of protection from fire
Wands
 a - a wand of flame (49)
 l - a wand of charming (7)
 m - a wand of acid (12)
 o - a wand of iceblast (10)
Scrolls
 c - 4 scrolls of magic mapping
 d - 4 scrolls of fog
 e - 3 scrolls of amnesia
 i - a scroll of silence
 w - 4 scrolls of holy word
 y - 2 scrolls of immolation {unknown}
 z - a scroll of blinking {unknown}
 B - a scroll of vulnerability {unknown}
Potions
 f - 2 potions of mutation {unknown}
 g - a potion of resistance {unknown}
 h - 2 potions of brilliance {unknown}
 n - 2 potions of might {unknown}
 p - 3 potions of curing
 r - a potion of flight {unknown}
 s - a potion of attraction {unknown}
 t - a potion of lignification {unknown}
 u - 2 potions of heal wounds {unknown}
 v - a potion of cancellation {unknown}
 C - 2 potions of degeneration {unknown}


   Skills:
 + Level 10.4 Dodging
 - Level 2.6 Stealth
 * Level 10.4 Spellcasting
 - Level 2.0 Hexes
 * Level 11.7 Summonings
 + Level 2.6 Translocations
 - Level 2.0 Air Magic


You had 7 spell levels left.
You knew the following spells:

 Your Spells              Type           Power      Damage    Failure   Level
a - Summon Small Mammal   Summ           100%       N/A       1%          1
b - Call Imp              Summ           56%        N/A       1%          2
c - Call Canine Familiar  Summ           56%        N/A       1%          3
d - Summon Guardian Gole  Hex/Summ       39%        N/A       1%          3
e - Summon Lightning Spi  Summ/Air       39%        N/A       3%          4
x - Manifold Assault      Tloc           21%        N/A       52%         5
z - Tukima's Dance        Hex            19%        N/A       9%          3

Your spell library contained the following spells:

 Spells                   Type           Power      Damage    Failure   Level
 Blink                    Tloc           42%        N/A       3%          2
 Shock                    Conj/Air       60%        1d6       4%          1
 Lesser Beckoning         Tloc           21%        N/A       6%          3
 Swiftness                Air            19%        N/A       9%          3
 Ozocubu's Armour         Ice            10%        N/A       19%         3
 Passage of Golubria      Tloc           21%        N/A       22%         4
 Airstrike                Air            9%         N/A       26%         4
 Leda's Liquefaction      Hex/Erth       7%         N/A       38%         4
 Yara's Violent Unravell  Hex/Tmut       7%         3d5       75%         5
 Ozocubu's Refrigeration  Ice            5%         4d6       100%        7
 Portal Projectile        Hex/Tloc       Unusable   N/A       N/A         3

Dungeon Overview and Level Annotations

Branches:
Dungeon (10/15)            Temple (1/1) D:4            Lair (0/6) D:8
    Orc: D:9-12

Altars:
Ashenzari
Cheibriados
Dithmenos
Elyvilon
Fedhas
Gozag
Hepliaklqana
Kikubaaqudgha
Makhleb
Nemelex Xobeh
Okawaru
Qazlal
Ru
Sif Muna
Trog
Uskayaw
Vehumet
Wu Jian
Xom
Yredelemnul
Zin
The Shining One
Beogh

Shops:
D:5 (   D:7 [

Annotations:
D:4 2 transporters, pkoi's ghost, amateur DgWz


Innate Abilities, Weirdness & Mutations

Your life essence is reduced to manifest your ancestor. (-10% HP)
You have sharp claws.
You have razor-sharp teeth.
You have supernaturally acute eyesight. (SInv)
You cover ground quickly. (Speed+)
You are covered in thick fur. (AC +2)
Your paws help you pounce on unaware monsters.
You are incapable of wielding weapons or throwing items.
You cannot wear armour.
You gain extra lives every three experience levels.


Message History

The unseen horror barely misses you.
Casting: Call Canine Familiar (safe; 1% risk of failure)
Confirm with . or Enter, or press ? or * to list all spells.
You hear a shout!
You hear a bellow!
You hear a shout! x4
The unseen horror barely misses you.
You swap places.
The unseen horror hits your wolf. The unseen horror misses your wolf.
The unseen horror hits your wolf! The unseen horror hits your wolf!
Your wolf bites the unseen horror.
The unseen horror hits your wolf!
Your wolf dies!
Your wolf's corpse disappears in a puff of smoke!
Casting: Call Canine Familiar (safe; 1% risk of failure)
Confirm with . or Enter, or press ? or * to list all spells.
The unseen horror completely misses you.
Found a scroll of enchant weapon.
Found a sacrificial altar of Ru.
The unseen horror completely misses you.
Your wolf bites the unseen horror.
The unseen horror hits your wolf.
The unseen horror completely misses you.
Your wolf misses the unseen horror. The unseen horror misses your wolf.
Your wolf closely misses the unseen horror.
The unseen horror completely misses you.
You hear a shout!
You hear a bellow!
You hear two shouts!
You hear a bellow!
You hear a shout! x2
The unseen horror completely misses you.
The unseen horror hits you!
* * * LOW HITPOINT WARNING * * *
The unseen horror closely misses you. The unseen horror misses you.
Your wolf completely misses the unseen horror.
The orc closely misses you.
An orc comes into view. It is wielding a +0 hand axe.
The unseen horror completely misses you.
The yak bellows!
Your wolf bites the orc!
The orc dies!
The unseen horror completely misses you.
The unseen horror completely misses you.
The yak bellows! x2
The unseen horror hits you.
You die...

#..?♣.♣.♣.♣.9h# #R♣♣♣.♣.♣.♣♣♣.#
#.♣...♣.♣...♣.# #.♣.♣♣♣.♣♣♣.♣Y#
#...........hl# #..h?o.###..###
##..oo.# #)## #..x..# #.#
..######..@..###)##########
....!....................[........
...........................
..######.....#######..#####


You could see the friendly Quandale Dingle the knight, a two-headed ogre, 9
yaks, an unseen horror (invisible, ally target), 4 orcs and a friendly wolf
(summoned).

Vanquished Creatures
  A wyvern zombie (D:7)
  A howler monkey (D:5)
  A centaur skeleton (D:4)
  A hound zombie (D:3)
  A hound skeleton (D:3)
  A shadow imp (D:6)
  7 orcs
  4 bats (D:1)
  3 endoplasms (D:1)
  3 giant cockroaches
  3 goblins
  A hobgoblin (D:3)
  2 jackals (D:5)
  A kobold (D:3)
  A quokka (D:1)
  2 ball pythons
  A ball python skeleton (D:3)
  3 frilled lizards
  7 rats
44 creatures vanquished.

Vanquished Creatures (collateral kills)
  A two-headed ogre (D:9)
  Maggie (D:6)
  An unseen horror (D:9)
  Grinder (D:5)
  A hornet (D:9)
  10 yaks
  Sigmund (D:5)
  2 wyverns
  A steam dragon (D:7)
  Duvessa (D:6)
  3 water moccasins
  3 ice beasts
  A necrophage (D:4)
  3 black bears
  4 orc warriors
  A hornet zombie (D:6)
  2 ogres
  2 phantoms
  3 centaurs
  A kobold brigand (D:6)
  8 bullfrogs
  A wyvern zombie (D:6)
  A gnoll sergeant (D:7)
  A scorpion (D:4)
  Dowan (D:6)
  6 killer bees
  3 howler monkeys
  7 wights
  3 centaur zombies (D:8)
  2 hounds
  4 orc priests
  Crazy Yiuf (D:6)
  A bullfrog skeleton (D:4)
  A gnoll shaman (D:7)
  Jessica (D:2)
  4 iguanas
  A hell rat (D:7)
  7 orc wizards
  A killer bee zombie (D:9)
  12 gnolls
  4 adders
  6 river rats (D:7)
  2 shadow imps
  A white imp (D:6)
  An ufetubus (D:7)
  An adder zombie (D:5)
  An adder skeleton (D:4)
  2 worms
  2 dart slugs
  39 orcs
  4 endoplasms (D:1)
  2 giant cockroaches
  5 goblins (D:1)
  6 hobgoblins
  10 quokkas
  4 ball pythons
  A bat (D:2)
  5 frilled lizards
  10 kobolds
  17 rats
232 creatures vanquished.

Vanquished Creatures (others)
  A hornet (D:5)
  4 yaks
  Edmund (D:5)
  An ogre (D:4)
  2 scorpions (D:6)
  2 killer bees (D:9)
  An iguana (D:6)
  2 knights
  3 ancestors (D:5)
  A river rat (D:7)
  42 fungi
  60 plants
  7 withered plants (D:3)
127 creatures vanquished.

Grand Total: 403 creatures vanquished

Notes
Turn   | Place    | Note
-------+----------+-------------------------------------------
     0 | D:1      | Zeld the Felid Summoner began the quest for the Orb.
     0 | D:1      | Reached XP level 1. HP: 7/7 MP: 4/4
   716 | D:1      | Reached XP level 2. HP: 9/11 MP: 3/6
   722 | D:1      | Learned a level 2 spell: Call Imp
   924 | D:1      | Found a faded altar of an unknown god.
  1270 | D:1      | Reached XP level 3. HP: 14/14 MP: 3/7
  1274 | D:1      | Learned a level 3 spell: Call Canine Familiar
  2231 | D:2      | Noticed Jessica
  2879 | D:2      | Reached XP level 4. HP: 9/18 MP: 5/9
  3185 | D:2      | Learned a level 3 spell: Summon Guardian Golem
  4150 | D:2      | Killed Jessica
  4264 | D:2      | You fall into a shaft and drop 2 floors!
  4284 | D:4      | Found a staircase to the Ecumenical Temple.
  4290 | Temple   | Entered the Ecumenical Temple
  4315 | Temple   | Became a worshipper of Hepliaklqana the Forgotten
  4501 | D:4      | Identified the +0 robe "Cadept" {Harm +Blink}
  4511 | D:4      | Noticed a necrophage
  4527 | D:3      | Reached skill level 5 in Summonings
  4824 | D:3      | Reached XP level 5. HP: 18/21 MP: 11/11
  6177 | D:4      | Noticed pkoi's ghost (amateur DgWz)
  6199 | D:4      | Found a transporter.
  6203 | D:4      | Found a transporter.
  6235 | D:4      | Gained mutation: You are covered in thick fur. (AC +2)
                  | [Felid growth]
  6235 | D:4      | Reached XP level 6. HP: 24/24 MP: 5/12
  6392 | D:4      | Reached skill level 6 in Summonings
  6424 | D:4      | Learned a level 4 spell: Summon Lightning Spire
  6671 | D:4      | Reached * piety under Hepliaklqana
  6794 | D:4      | Reached skill level 5 in Dodging
  6794 | D:4      | Reached skill level 1 in Hexes
  6794 | D:4      | Reached XP level 7. HP: 24/24 MP: 11/14
  7400 | D:5      | Entered Level 5 of the Dungeon
  7405 | D:5      | Noticed a yak
  7465 | D:5      | Found a shadowy altar of Dithmenos.
  7487 | D:5      | Noticed Sigmund
  8852 | D:5      | Noticed a hornet
  8857 | D:5      | Noticed Edmund
  9195 | D:5      | Killed Sigmund
  9196 | D:5      | Reached skill level 5 in Spellcasting
  9196 | D:5      | Reached skill level 1 in Air Magic
  9267 | D:5      | Noticed Grinder
  9307 | D:5      | Killed Edmund
  9538 | D:4      | Learned a level 3 spell: Tukima's Dance
  9664 | D:5      | Killed a hornet
  9665 | D:5      | Reached skill level 7 in Summonings
  9665 | D:5      | Reached XP level 8. HP: 14/27 MP: 15/17
  9854 | D:5      | Paralysed by Grinder for 4 turns
  9876 | D:5      | Killed Grinder
 10152 | D:5      | Reached skill level 8 in Summonings
 10162 | D:5      | Reached XP level 9. HP: 30/30 MP: 8/20
 10582 | D:5      | Found Isicub's Hydra Hut.
 10585 | D:5      | Noticed a six-headed hydra
 10702 | D:5      | Found a glowing silver altar of Zin.
 11636 | D:6      | Noticed Maggie
 12166 | D:6      | Found a runed translucent door.
 12508 | D:6      | Found a runed translucent door.
 12509 | D:6      | Noticed Crazy Yiuf
 12561 | D:6      | Reached ** piety under Hepliaklqana
 12863 | D:6      | Noticed Dowan
 13333 | D:6      | Remembered your ancestor Quandale Dingle as a knight
 13483 | D:6      | Killed Crazy Yiuf
 13484 | D:6      | Reached skill level 9 in Summonings
 14481 | D:6      | Noticed Duvessa
 14913 | D:6      | Killed Maggie
 16764 | D:6      | Killed Duvessa
 16842 | D:6      | Killed Dowan
 17371 | D:7      | Reached XP level 10. HP: 33/33 MP: 20/23
 17948 | D:7      | Reached skill level 10 in Summonings
 20398 | D:7      | Found Maajehie's Armour Shoppe.
 23017 | D:8      | Found a staircase to the Lair.
 23135 | D:9      | Reached skill level 11 in Summonings
 23188 | D:9      | Noticed a two-headed ogre
 24291 | D:9      | Killed a two-headed ogre
 24292 | D:9      | Reached skill level 10 in Dodging
 24491 | D:9      | Reached skill level 10 in Spellcasting
 25062 | D:9      | Learned a level 5 spell: Manifold Assault
 25341 | D:9      | Reached XP level 11. HP: 36/36 MP: 24/26
 25360 | D:9      | Reached skill level 1 in Translocations
 25747 | D:10     | Entered Level 10 of the Dungeon
 26142 | D:10     | Reached *** piety under Hepliaklqana
 26173 | D:10     | Found a shimmering blue altar of Sif Muna.
 26223 | D:10     | Mangled by a yak
 26224 | D:10     | Reached XP level 10. HP: -11/33 MP: 25/25
 26268 | D:10     | Slain by a yak
 26269 | D:10     | Reached XP level 9. HP: -1/30 MP: 24/24
 27071 | D:10     | Noticed a troll
 27353 | D:10     | Noticed a two-headed ogre
 27386 | D:10     | Found a sacrificial altar of Ru.
 27392 | D:10     | HP: 1/30 [unseen horror (7)]
 27399 | D:10     | Slain by an unseen horror

Illustrated notes

Levels and vault maps discovered:
D:1:      nicolae_arrival_washed_ashore, layout_loops_ring,
          shapermc_ecumenical_altar_hornbeckon, chequers_mini_garden,
          minmay_tetromino_t4
D:2:      layout_rooms, uniq_jessica
D:3:      layout_loops_ring, serial_undead, serial_undead_d, serial_undead_b,
          serial_undead_a, serial_undead_b
D:4:      layout_gridville, minmay_temple_entry_arrows, gammafunk_ghost_arena,
          corexii_item_surrounded_by_moat
D:5:      layout_cave_pools, zin_scriptorium,
          nicolae_dithmenos_through_a_glass_darkly, doesnt_shop_hydraphobe,
          uniq_sigmund, uniq_edmund, uniq_grinder
D:6:      layout_rooms, lightli_church_of_beogh, uniq_duvessa,
          uniq_crazy_yiuf_cottage, uniq_maggie
D:7:      lemuel_ratsnest, layout_basic, serial_shops, shop,
          hangedman_decor_points
D:8:      layout_basic, due_lair_maze_entry_diamond
D:9:      layout_long_grid, nrook_mini_backslash, hangedman_decor_opposing
D:10:     layout_cross, mainiacjoe_overflow_large_starburst, david_orc_5,
          serial_column_ruins, column_ruins_hut_ruined,
          column_ruins_open_medium_water, column_ruins_columns_dead_end,
          column_ruins_open_tiny, column_ruins_columns_T,
          column_ruins_corridor_straight, column_ruins_corridor_T,
          column_ruins_open_small, grunt_ogre_cave
Temple:   eino_narrow_crystal_temple

Skill      XL: |  1  2  3  4  5  6  7  8  9 10 11 |
---------------+----------------------------------+-----
Dodging        | 3 4 5 7 8 10 | 10.4
Spellcasting   | 3 4 5 7 8 10 | 10.4
Summonings     | 5 6 7 8 9 11 | 11.7
Hexes          | 1 2 |  2.0
Air Magic      | 2 |  2.0
Translocations | 2 |  2.6
Stealth        | |  2.6

Action                   |  1- 3 |  4- 6 |  7- 9 | 10-12 || total
-------------------------+-------+-------+-------+-------++-------
Melee: Unarmed           |    81 |    88 |    89 |   113 ||   371
       Bite              |     8 |    15 |    15 |    17 ||    55
       Punch             |       |     1 |     4 |     3 ||     8
 Cast: Summon Small Mamm |    18 |    11 |    17 |     4 ||    50
       Call Imp          |    33 |    18 |     9 |     4 ||    64
       Call Canine Famil |     2 |    12 |    32 |    31 ||    77
       Summon Guardian G |       |     3 |    22 |    19 ||    44
       Tukima's Dance    |       |       |       |     5 ||     5
       Summon Lightning  |       |       |       |     5 ||     5
Invok: Ancestor Identity |       |     1 |       |       ||     1
       Recall Ancestor   |       |       |     2 |     2 ||     4
       Ancestor Life: Kn |       |       |     1 |       ||     1
  Use: Potion            |     1 |       |       |       ||     1
       Scroll            |       |       |     1 |    11 ||    12
 Stab: Sleeping          |     1 |     3 |     1 |       ||     5
       Distracted        |       |     1 |       |     1 ||     2
Armor: Skin              |    10 |     5 |     4 |     8 ||    27
Dodge: Dodged            |   104 |    97 |   157 |   266 ||   624
